 Dungeon Crawl Stone Soup version 0.28-a0-862-g58c29a6370 (webtiles) character file.

Game seed: 9427934571323703169

23 Ijustatesigmund the Skirmisher (level 2, -3/20 HPs)
             Began as a Gargoyle Fighter on Nov 16, 2021.
             Slain by Sigmund (5 damage)
             ... on level 2 of the Dungeon.
             The game lasted 00:01:15 (786 turns).

Ijustatesigmund the Skirmisher (Gargoyle Fighter)    Turns: 786, Time: 00:01:16

Health: -3/20      AC:  9    Str: 19    XL:     2   Next: 95%
Magic:  2/2        EV:  9    Int:  8    God:
Gold:   1112       SH:  4    Dex:  9    Spells: 1/1 levels left

rFire   . . .      SeeInvis .   a - +0 flail
rCold   . . .      Faith    .   c - +0 buckler
rNeg    + . .      Spirit   .   b - +0 scale mail
rPois   ∞          Reflect  .   (no helmet)
rElec   +          Harm     .   (no cloak)
rCorr   .          Rampage  .   (no gloves)
Will    .....                   (no boots)
Stlth   ..........              (no amulet)
HPRegen 0.06/turn               (no ring)
MPRegen 0.08/turn               (no ring)

@: hasted, very quick
A: sickness immunity, AC +2, negative energy resistance 1, electricity
resistance, torment resistance 1, petrification resistance
a: no special abilities


You were on level 2 of the Dungeon.
You visited 1 branch of the dungeon, and saw 2 of its levels.

You collected 1112 gold pieces.

Inventory:

Hand Weapons
 a - a +0 flail (weapon)
 f - a +0 war axe of flaming
Armour
 b - a +0 scale mail (worn)
 c - a +0 buckler (worn)
Scrolls
 g - a scroll of summoning {unknown}
Potions
 d - a potion of might
 e - a potion of magic
 i - a potion of flight {unknown}


   Skills:
 + Level 3.9 Fighting
 + Level 2.7 Maces & Flails
 - Level 3.2 Armour
 - Level 3.2 Shields


You had one spell level left.
You didn't know any spells.
Your spell library was empty.

Dungeon Overview and Level Annotations

Branches:
Dungeon (2/15)

Altars:

Annotations:
D:2 Sigmund


Innate Abilities, Weirdness & Mutations

You are immune to sickness and miasma.
Your stone body is resilient. (AC +2)
You are immune to poison.
You resist negative energy. (rN+)
You are resistant to electric shocks. (rElec)
You are resistant to unholy torment.
You are immune to petrification.


Message History

Sigmund flickers and vanishes!
Deactivating autopickup; reactivate with Ctrl-A.
No target in view!
No target in view!
No target in view!
No target in view!
No target in view!
No target in view!
No target in view!
No target in view!
No target in view!
No target in view!
No target in view!
No target in view!
Found 31 sling bullets.
You hear some strange, mumbled words.
Something tries to affect you, but you resist.
You sock something! Something hits you but does no damage.
You closely miss something. Something hits you!
You miss something. Something hits you.
You miss something. Something hits you.
* * * LOW HITPOINT WARNING * * *
You miss something. You hit something.
You hear some strange, mumbled words.
You are confused.
Something hits you but does no damage.
You bump into the rock wall.
Something hits you.
* * * LOW HITPOINT WARNING * * *
Something hits you but does no damage.
It was a potion of haste.
You feel yourself speed up.
You bump into the rock wall.
You hear some strange, mumbled words.
Something tries to affect you, but you resist.
You bump into the rock wall.
You feel less confused. Something hits you but does no damage.
You closely miss something. You closely miss something. Something hits you.
You die...

## ### ..# #.. ..#
#.#..( #.#####.#.#
#........(# #{# ##@##
#####...######
#.....#.(....#
#.###...####.#########.
##>## #........... #.#
###.####.### #.# #†#
#.### ..# #.# #.... ###
#.# #####


There were no monsters in sight!

Vanquished Creatures
  A dart slug (D:1)
  A ball python (D:1)
  A giant cockroach (D:1)
  2 goblins (D:1)
  A hobgoblin (D:1)
  3 kobolds (D:1)
  A quokka (D:1)
  4 bats
  2 frilled lizards (D:1)
  2 rats (D:1)
18 creatures vanquished.

Notes
Turn   | Place    | Note
-------+----------+-------------------------------------------
     0 | D:1      | Ijustatesigmund the Gargoyle Fighter began the quest for
                  | the Orb.
     0 | D:1      | Reached XP level 1. HP: 14/14 MP: 1/1
   117 | D:1      | Found a faded altar of an unknown god.
   234 | D:1      | Reached XP level 2. HP: 15/19 MP: 2/2
   511 | D:1      | Identified a scroll of acquirement
   511 | D:1      | Acquired 1098 gold pieces
   768 | D:2      | Noticed Sigmund
   786 | D:2      | Slain by Sigmund

Illustrated notes

Levels and vault maps discovered:
D:1:      nzn_arrival_depleted_hourglass, layout_basic, basic_ecumenical_altar
D:2:      layout_loops_ring, uniq_sigmund

Action                   || total
-------------------------++-------
Melee: Flail             ||    67
  Use: Scroll            ||     2
       Potion            ||     1
Armor: Scale mail        ||    62
Dodge: Dodged            ||    48
Block: Buckler           ||    11

Table legend: (Time is in decaauts)
 A = Elapsed time spent in this place.
 B = Non-inter-level travel time spent in this place.
 C = Inter-level travel time spent in this place.
 D = Time resting spent in this place.
 E = Time spent auto-exploring this place.
 F = Levels seen in this place.
 G = Mean time per level.
                   A        B        C        D        E       F      G
               +--------+--------+--------+--------+--------+-----+--------+
         Total |    803 |    781 |     22 |      0 |    610 |   2 |  401.5 |
       Dungeon |    803 |    781 |     22 |      0 |    610 |   2 |  401.5 |
               +--------+--------+--------+--------+--------+-----+--------+

Top non-repeatable levels by time:
     D:1: 745 daAuts
     D:2: 57 daAuts
